 Dungeon Crawl Stone Soup version 0.29-a0-993-g4a18f31a58 (webtiles) character file.

Game seed: 414387245116338142

1224 ytrimaz the Cleaver (level 8, -12/58 HPs)
             Began as a Formicid Fighter on Aug 3, 2022.
             Was a Believer of Okawaru.
             Mangled by an orc warrior
             ... wielding a +0 halberd
              (20 damage)
             ... on level 6 of the Dungeon.
             The game lasted 00:07:16 (7699 turns).

ytrimaz the Cleaver (Formicid Fighter)              Turns: 7699, Time: 00:07:16

Health: -12/58     AC:  9    Str: 28    XL:     8   Next: 76%
Magic:  8/8        EV: 15    Int:  9    God:    Okawaru [**....]
Gold:   352        SH:  6    Dex: 13    Spells: 7/7 levels left

rFire   . . .      SeeInvis +   a - +1 war axe
rCold   . . .      Faith    .   c - +1 buckler
rNeg    . . .      Spirit   .   v - +0 steam dragon scales
rPois   .          Reflect  .   (helmet unavailable)
rElec   .          Harm     .   p - +1 cloak
rCorr   .          Rampage  .   (no gloves)
Will    .....                   u - +0 pair of boots
Stlth   +.........              (no amulet)
HPRegen 0.19/turn               m - +6 ring of strength
MPRegen 0.11/turn               t - +4 ring of evasion

@: no status effects
A: permanent stasis, dig shafts and tunnels, antennae 3, four strong arms
a: Dig, Shaft Self, Renounce Religion, Heroism


You were on level 6 of the Dungeon.
You worshipped Okawaru.
Okawaru was pleased with you.
You visited 1 branch of the dungeon, and saw 6 of its levels.

You collected 352 gold pieces.

Inventory:

Hand Weapons
 a - a +1 war axe (weapon)
Missiles
 o - 2 throwing nets
Armour
 b - a +0 scale mail
 c - a +1 buckler (worn)
 p - a +1 cloak (worn)
 u - a +0 pair of boots (worn)
 v - +0 steam dragon scales (worn)
Jewellery
 h - a ring of magical power
 m - a +6 ring of strength (left hand)
 t - a +4 ring of evasion (right hand)
Scrolls
 s - a scroll of noise {unknown}
 w - a scroll of enchant weapon
Potions
 d - a potion of might
 e - a potion of magic
 f - 6 potions of curing
 g - 2 potions of brilliance
 i - a potion of haste {unknown}
 j - a potion of flight
 k - a potion of heal wounds {unknown}
 l - a potion of invisibility {unknown}
 n - a potion of mutation {unknown}
 q - a potion of lignification {unknown}
 r - a potion of ambrosia {unknown}


   Skills:
 - Level 3.2 Fighting
 + Level 10.1 Axes
 - Level 3.2 Armour
 - Level 4.0 Shields


You had 7 spell levels left.
You didn't know any spells.
Your spell library contained the following spells:

 Spells                   Type           Power      Damage    Failure   Level
 Apportation              Tloc           0%         N/A       45%         1
 Beastly Appendage        Tmut           0%         N/A       45%         1
 Foxfire                  Conj/Fire      0%         2x1d4     45%         1
 Magic Dart               Conj           0%         1d3       45%         1
 Shock                    Conj/Air       0%         1d3       45%         1
 Sting                    Tmut/Pois      0%         1d3       45%         1
 Poisonous Vapours        Pois/Air       0%         N/A       58%         2
 Sublimation of Blood     Necr           0%         N/A       58%         2
 Wereblood                Tmut           0%         N/A       58%         2
 Ignite Poison            Fire/Tmut/Pois 0%         N/A       83%         3
 Mephitic Cloud           Conj/Pois/Air  0%         N/A       83%         3
 Spider Form              Tmut/Pois      0%         N/A       83%         3
 Airstrike                Air            0%         2d(0-16)  99%         4
 Corpse Rot               Necr/Pois/Air  0%         N/A       99%         4
 Dispel Undead            Necr           0%         3d6       99%         4
 Olgreb's Toxic Radiance  Pois           0%         N/A       99%         4
 Passage of Golubria      Tloc           0%         N/A       99%         4
 Freezing Cloud           Conj/Ice/Air   0%         6-21      100%        5
 Yara's Violent Unravell  Hex/Tmut       0%         3d3       100%        5
 Swiftness                Air            Unusable   N/A       N/A         3
 Tukima's Dance           Hex            Unusable   N/A       N/A         3
 Death Channel            Necr           Unusable   N/A       N/A         6
 Summon Hydra             Summ           Unusable   N/A       N/A         7

Dungeon Overview and Level Annotations

Branches:
Dungeon (6/15)
 Temple: D:4-7

Altars:
Elyvilon
Gozag
Okawaru
Wu Jian

Shops:
D:2 !   D:3 *

Annotations:
D:4 3 runed translucent doors, Newt's ghost, novice OpTm


Innate Abilities, Weirdness & Mutations

You cannot be hasted, slowed, berserked, paralysed or teleported.
You can dig through walls and to a lower floor.
You have a pair of large antennae on your head. (SInv)
Your four strong arms can wield two-handed weapons with a shield.


Message History

The orc warrior is moderately wounded.
The orc warrior hits you with a +0 halberd.
The orc priest closely misses you.
Unknown command.
You hit the orc warrior.
The orc warrior is moderately wounded.
The orc warrior misses you.
The orc priest calls down the wrath of Beogh upon you.
Beogh smites you!
Unknown command.
You closely miss the orc warrior.
The orc warrior is moderately wounded.
The orc priest calls upon Beogh to heal the orc warrior.
The orc warrior is healed somewhat.
The orc warrior barely misses you.
You slash the orc warrior!
The orc warrior is heavily wounded.
You block the orc priest's attack. The orc warrior misses you.
Unknown command.
You hit the orc warrior but do no damage.
The orc warrior is heavily wounded.
The orc warrior closely misses you.
The orc priest hits you from afar with a +0 trident.
Unknown command.
You hit the orc warrior but do no damage.
The orc warrior is heavily wounded.
The orc warrior hits you with a +0 halberd.
The orc priest hits you from afar with a +0 trident.
You hit the orc warrior.
The orc warrior is severely wounded.
The orc priest calls upon Beogh to heal the orc warrior.
The orc warrior is healed somewhat.
The orc warrior hits you with a +0 halberd.
Unknown command.
You closely miss the orc warrior.
The orc warrior is heavily wounded.
The orc priest mumbles some strange prayers to Beogh against you.
Beogh smites you!
* * * LOW HITPOINT WARNING * * *
The orc warrior hits you with a +0 halberd!!
You die...

# #.
.###### {
..#oo{
#.#o#
#.#@#### {
#......#
#......#
#......###
#........#
#........#
#........#
#........#
#........#
#####


You could see an orc warrior, an orc priest and an orc.

Vanquished Creatures
  A steam dragon (D:6)
  A water moccasin (D:5)
  A centaur (D:6)
  2 necrophages (D:5)
  2 scorpions (D:5)
  A howler monkey (D:5)
  3 hounds (D:5)
  2 orc priests
  2 jellies
  Jessica (D:2)
  3 iguanas
  Robin (D:3)
  9 adders
  5 gnolls
  2 ufetubi
  4 worms
  3 dart slugs
  15 orcs
  11 ball pythons
  10 endoplasms
  4 giant cockroaches
  13 goblins
  11 hobgoblins
  11 jackals
  10 kobolds
  10 quokkas
  7 bats
  3 frilled lizards
  8 rats
156 creatures vanquished.

Vanquished Creatures (others)
  30 plants
30 creatures vanquished.

Grand Total: 186 creatures vanquished

Notes
Turn   | Place    | Note
-------+----------+-------------------------------------------
     0 | D:1      | ytrimaz the Formicid Fighter began the quest for the Orb.
     0 | D:1      | Reached XP level 1. HP: 18/18 MP: 1/1
     0 | D:1      | Noticed a shadow dragon
     0 | D:1      | Noticed a large abomination
     8 | D:1      | Noticed an orb of fire
    10 | D:1      | Noticed an orb of fire
    12 | D:1      | Noticed a shadow dragon
    13 | D:1      | Noticed a shadow dragon
    14 | D:1      | Noticed a tentacled monstrosity
    16 | D:1      | Noticed an iron dragon
    18 | D:1      | Noticed an ice dragon
    18 | D:1      | Noticed a tentacled monstrosity
    20 | D:1      | Noticed a large abomination
    22 | D:1      | Noticed a large abomination
    24 | D:1      | Noticed a purple draconian
    24 | D:1      | Noticed a tentacled monstrosity
    26 | D:1      | Noticed an ice dragon
    45 | D:1      | Reached XP level 2. HP: 11/24 MP: 2/2
   383 | D:1      | Reached skill level 3 in Axes
   632 | D:1      | Reached XP level 3. HP: 29/29 MP: 3/3
  1459 | D:2      | Got Witchery for Neophytes
  1523 | D:2      | Found Abuyhoak's Distillery.
  1559 | D:2      | Reached skill level 4 in Axes
  1559 | D:2      | Reached XP level 4. HP: 31/34 MP: 4/4
  1880 | D:2      | Found an iron altar of Okawaru.
  1899 | D:2      | Became a worshipper of Warmaster Okawaru
  2092 | D:2      | Noticed Jessica
  2097 | D:2      | Killed Jessica
  2098 | D:2      | Reached XP level 5. HP: 30/41 MP: 5/5
  2201 | D:2      | Found a faded altar of an unknown god.
  2273 | D:2      | Reached skill level 5 in Axes
  2811 | D:3      | Found an ornate altar of the Wu Jian Council.
  3471 | D:3      | Reached XP level 6. HP: 37/47 MP: 6/6
  3571 | D:3      | Noticed Robin
  3578 | D:3      | Killed Robin
  3582 | D:3      | Reached skill level 6 in Axes
  3990 | D:3      | Found an opulent altar of Gozag.
  3990 | D:3      | Found Gozag's Platinum Reserve.
  4184 | D:3      | Found a white marble altar of Elyvilon.
  4567 | D:4      | Found a runed translucent gate.
  4567 | D:4      | Found a runed translucent gate.
  4568 | D:4      | Found a runed translucent gate.
  4569 | D:4      | Noticed Newt's ghost (novice OpTm)
  4572 | D:4      | Identified the +6 dagger of Noon {flame, Fragile +Blink
                  | rElec rN+++}
  5262 | D:5      | Entered Level 5 of the Dungeon
  5283 | D:5      | Reached skill level 7 in Axes
  5283 | D:5      | Reached XP level 7. HP: 45/52 MP: 7/7
  5368 | D:5      | Reached * piety under Okawaru
  5793 | D:5      | Reached skill level 8 in Axes
  5899 | D:5      | Noticed a water moccasin
  5907 | D:5      | Killed a water moccasin
  5908 | D:5      | Reached XP level 8. HP: 51/58 MP: 8/8
  5919 | D:5      | Reached ** piety under Okawaru
  5923 | D:5      | Reached skill level 9 in Axes
  7252 | D:6      | Reached skill level 10 in Axes
  7699 | D:6      | Mangled by an orc warrior

Illustrated notes

Levels and vault maps discovered:
D:1:      shiori_arrival_whats_in_store_for_you, layout_basic,
          grunt_decor_resistance, item_on_display_a
D:2:      wad_woods_stonehenge, layout_basic, serial_shops, nicolae_square_shop,
          dilly_ecumenical_altar_fadedgnrine, nrook_mini_backslash, uniq_jessica
D:3:      layout_basic, lemuel_crystal_altar, nicolae_gozag_zags_fifth_avenue,
          nicolae_elyvilon_temple_path, grunt_ministairs_7,
          kennysheep_generic_room_4, uniq_robin
D:4:      layout_loops_ring, biasface_ghost_orc_armoury
D:5:      minmay_octagon_keep, layout_basic
D:6:      layout_basic

Skill      XL: |  1  2  3  4  5  6  7  8 |
---------------+-------------------------+-----
Axes           | 3 4 5 7 8 10 | 10.1
Fighting       | |  3.2
Armour         | |  3.2
Shields        | |  4.0

Action                   |  1- 3 |  4- 6 |  7- 9 || total
-------------------------+-------+-------+-------++-------
Melee: War axe           |    98 |   182 |   105 ||   385
 Abil: Dig               |     1 |     2 |       ||     3
  Use: Scroll            |     1 |     4 |     3 ||     8
Armor: Scale mail        |    55 |    70 |    56 ||   181
Dodge: Dodged            |    58 |    83 |    80 ||   221
Block: Buckler           |    48 |    72 |    43 ||   163

Table legend: (Time is in decaauts)
 A = Elapsed time spent in this place.
 B = Non-inter-level travel time spent in this place.
 C = Inter-level travel time spent in this place.
 D = Time resting spent in this place.
 E = Time spent auto-exploring this place.
 F = Levels seen in this place.
 G = Mean time per level.
                   A        B        C        D        E       F      G
               +--------+--------+--------+--------+--------+-----+--------+
         Total |   7788 |   7561 |    227 |    413 |   5864 |   6 | 1298.0 |
       Dungeon |   7788 |   7561 |    227 |    413 |   5864 |   6 | 1298.0 |
               +--------+--------+--------+--------+--------+-----+--------+

Top non-repeatable levels by time:
     D:2: 1471 daAuts
     D:3: 1454 daAuts
     D:1: 1392 daAuts
     D:6: 1229 daAuts
     D:5: 1161 daAuts
     D:4: 1079 daAuts
